 Dungeon Crawl Stone Soup version 0.27.0-1-g7a089689b8 (webtiles) character file.

Game seed: 8521609970293742389

126 Descartes the Shield-Bearer (level 5, -12/27 HPs)
             Began as a Vine Stalker Fighter on Aug 15, 2021.
             Mangled by an ogre (20 damage)
             ... on level 3 of the Dungeon.
             The game lasted 00:05:32 (2348 turns).

Descartes the Shield-Bearer (Vine Stalker Fighter)  Turns: 2348, Time: 00:05:33

Health: -12/27     AC:  6    Str: 19    XL:     5   Next: 9%
Magic:  0/6        EV:  7    Int:  9    God:
Gold:   51         SH: 10    Dex: 13    Spells: 4/4 levels left

rFire    . . .     SeeInvis .   o - +2 whip (elec)
rCold    . . .     Faith    .   c - +0 kite shield
rNeg     . . .     Spirit   +   b - +0 scale mail
rPois    .         Reflect  .   (no helmet)
rElec    .         Harm     .   (no cloak)
rCorr    .         Rampage  .   (no gloves)
Will     .....                  (no boots)
Stlth    ..........             (no amulet)
HPRegen  1.09/turn              (no ring)
MPRegen  0.10/turn              (no ring)

@: no status effects
A: fangs 2, regeneration 1, magic shield, antimagic bite, no potion heal 2
a: no special abilities


You were on level 3 of the Dungeon.
You visited 1 branch of the dungeon, and saw 3 of its levels.

You collected 51 gold pieces.

Inventory:

Hand Weapons
 a - a +0 war axe
 l - a +2 rapier of electrocution
 o - a +2 whip of electrocution (weapon)
Missiles
 g - 63 stones (quivered)
 i - 20 bolts
 j - 23 poisoned darts
 n - a throwing net
Armour
 b - a +0 scale mail (worn)
 c - a +0 kite shield (worn)
 p - a +0 chain mail
Scrolls
 f - a scroll of magic mapping {unknown}
 h - 3 scrolls of identify {unknown}
 q - a scroll of enchant weapon {unknown}
Potions
 d - a potion of might
 e - 2 potions of curing {unknown}
 k - a potion of heal wounds {unknown}
 m - a potion of ambrosia {unknown}


   Skills:
 - Level 2.6 Fighting
 - Level 1.7 Axes
 - Level 2.4 Armour
 + Level 5.1 Shields


You had 4 spell levels left.
You didn't know any spells.
Your spell library was empty.

Dungeon Overview and Level Annotations

Branches:
Dungeon (3/15)

Altars:


Innate Abilities, Weirdness & Mutations

You have extremely sharp teeth.
Your natural rate of healing is unusually fast.
When hurt, damage is shared between your health and your magic reserves.
Your bite disrupts and absorbs the magic of your enemies.
Potions cannot restore your health.


Message History

There is a stone staircase leading down here.
You climb downwards.
There is a stone staircase leading up here.
There is a stone staircase leading up here.
You open the door.
A bat comes into view.
The bat barely misses you.
There is an open door here.
You block the bat's attack. The bat hits you but does no damage.
The bat barely misses you. You block the bat's attack.
The bat hits you but does no damage. The bat barely misses you.
Found a stone staircase leading down.
The bat hits you but does no damage.
Something unseen opens the door.
An ogre comes into view. It is wielding a +0 giant club.
The bat barely misses you.
You closely miss the bat. The bat hits you but does no damage.
You hit the bat. Lightning courses through the bat!!
You kill the bat!
You hit the ogre.
The ogre is moderately wounded.
You block the ogre's attack.
You hit the ogre.
The ogre is heavily wounded.
You block the ogre's attack.
You barely miss the ogre.
The ogre is heavily wounded.
The ogre hits you with a +0 giant club!
You barely miss the ogre.
The ogre is heavily wounded.
You block the ogre's attack.
You barely miss the ogre.
The ogre is moderately wounded.
The ogre hits you with a +0 giant club!!
Ouch! That really hurt!
* * * LOW HITPOINT WARNING * * *
The ogre hits you with a +0 giant club!!
Ouch! That really hurt!
You die...

.. ##+####. #......###
.....#####........#
......(.#.........####
........#.............
............#.............
............#.............
...........##.@O.†.......
..........##............
#........'.......##+###
#........#.......#
+........#.#'###..#
###........#.#.# #.#
###........#.#.#.# ...
....#..###.#.#.#.# #..#
....#<.....#.#.# ..#


You could see an ogre.

Vanquished Creatures
  An adder (D:2)
  7 gnolls
  2 dart slugs
  An orc (D:2)
  3 bats
  2 giant cockroaches
  3 goblins
  3 hobgoblins (D:2)
  6 jackals (D:2)
  8 ball pythons
  4 frilled lizards
  3 kobolds
  5 rats
48 creatures vanquished.

Notes
Turn   | Place    | Note
-------+----------+-------------------------------------------
     0 | D:1      | Descartes the Vine Stalker Fighter began the quest for the
                  | Orb.
     0 | D:1      | Reached XP level 1. HP: 11/11 MP: 2/2
   163 | D:1      | Reached skill level 3 in Shields
   284 | D:1      | Reached XP level 2. HP: 16/16 MP: 3/3
   878 | D:2      | Reached XP level 3. HP: 7/19 MP: 2/4
  1280 | D:2      | Reached skill level 4 in Shields
  1816 | D:1      | Gained mutation: Your natural rate of healing is unusually
                  | fast. [Vine Stalker growth]
  1816 | D:1      | Reached XP level 4. HP: 11/23 MP: 2/5
  2103 | D:2      | Reached skill level 5 in Shields
  2103 | D:2      | Reached XP level 5. HP: 19/27 MP: 6/6
  2338 | D:3      | Noticed an ogre
  2348 | D:3      | Mangled by an ogre

Illustrated notes

Levels and vault maps discovered:
D:1:      eino_arrival_druids_welcome, layout_basic, minivault_27,
          roderic_st_hans_cross
D:2:      layout_loops_cross, serial_park_tiny_pond, hangedman_decor_slide_cut,
          minmay_close_crescents
D:3:      layout_basic, chequers_ecumenical_altar_island,
          chequers_serial_rivers_room_b, minmay_misc_feat_cross,
          lemuel_old_faithful

Skill      XL: |  1  2  3  4 |
---------------+-------------+-----
Shields        | 3 4 5 |  5.1
Fighting       | |  2.6
Axes           | |  1.7
Armour         | |  2.4

Action                   |  1- 3 |  4- 6 || total
-------------------------+-------+-------++-------
Melee: War axe           |    71 |       ||    71
       Bite              |    18 |     7 ||    25
       Rapier            |    12 |    11 ||    23
       Whip              |       |    27 ||    27
Armor: Scale mail        |    41 |    11 ||    52
Dodge: Dodged            |    33 |    13 ||    46
Block: Kite shield       |    66 |    26 ||    92
